 Dungeon Crawl Stone Soup version 0.29-a0-275-g389c0b56f3 (webtiles) character file.

Game seed: 2996811556947421957

443 HotDog the Covered (level 6, -35/53 HPs)
             Began as a Minotaur Fighter on Mar 10, 2022.
             Killed by an exploding orc wizard (43 damage)
             ... ignited by their inner flame
             ... on level 4 of the Dungeon.
             The game lasted 00:03:10 (2381 turns).

HotDog the Covered (Minotaur Fighter)               Turns: 2381, Time: 00:03:11

Health: -35/53     AC:  7    Str: 21    XL:     6   Next: 71%
Magic:  6/6        EV: 10    Int:  5    God:
Gold:   135        SH:  4    Dex:  9    Spells: 5/5 levels left

rFire   . . .      SeeInvis +   j - +3 flail (holy)
rCold   . . .      Faith    .   c - +0 buckler
rNeg    . . .      Spirit   .   b - +0 scale mail
rPois   +          Reflect  .   (helmet restricted)
rElec   .          Harm     .   (no cloak)
rCorr   .          Rampage  .   (no gloves)
Will    .....                   (no boots)
Stlth   ..........              (no amulet)
HPRegen 0.17/turn               e - ring of see invisible
MPRegen 0.10/turn               (no ring)

@: weak-willed
A: horns 2, retaliatory headbutt, deterioration 1, poison resistance, weak 1
a: no special abilities


You were on level 4 of the Dungeon.
You visited 1 branch of the dungeon, and saw 4 of its levels.

You collected 135 gold pieces.

Inventory:

Hand Weapons
 j - a +3 flail of holy wrath (weapon)
Armour
 b - a +0 scale mail (worn)
 c - a +0 buckler (worn)
Jewellery
 e - a ring of see invisible (left hand)
Scrolls
 a - a scroll of enchant armour
 f - 2 scrolls of fear
 n - a scroll of vulnerability
 o - a scroll of teleportation
Potions
 g - a potion of mutation
 h - a potion of haste {unknown}
 i - a potion of curing {unknown}
 l - a potion of degeneration {unknown}
 m - a potion of ambrosia {unknown}


   Skills:
 * Level 4.7 Fighting
 - Level 3.6 Long Blades
 * Level 3.7 Maces & Flails
 * Level 5.1 Armour
 * Level 2.2 Dodging
 * Level 4.5 Shields
 * Level 2.2 Invocations


You had 5 spell levels left.
You didn't know any spells.
Your spell library contained the following spells:

 Spells                   Type           Power      Damage    Failure   Level
 Beastly Appendage        Tmut           0%         N/A       87%         1
 Wereblood                Tmut           0%         N/A       95%         2
 Frozen Ramparts          Ice            0%         1d2       99%         3
 Spider Form              Tmut/Pois      0%         N/A       99%         3
 Ice Form                 Ice/Tmut       0%         N/A       100%        4
 Summon Ice Beast         Ice/Summ       0%         N/A       100%        4


Dungeon Overview and Level Annotations

Branches:
Dungeon (4/15)
 Temple: D:4-7

Altars:

Shops:
D:1 (


Innate Abilities, Weirdness & Mutations

You have a pair of horns on your head.
You reflexively headbutt those who attack you in melee.
Your body sometimes deteriorates upon taking damage.
Your system is resistant to poisons. (rPois)
You are weak. (Str -2)


Message History

It is a scroll of amnesia.
You feel forgetful for a moment.
As you read the scroll labelled IFRAPU VOMOLU, it crumbles to dust.
The creatures around you are filled with an inner flame!
It was a scroll of immolation.
The orc barely misses you. The orc wizard barely misses you.
The orc closely misses you.
As you read the scroll labelled NEVVAI BUERUDD, it crumbles to dust.
Magic quickly surges around you.
It was a scroll of vulnerability.
The orc hits you but does no damage.
The orc wizard hits you but does no damage.
The orc hits you with a +0 club.
The orc wizard attacks as you move away!
The orc wizard hits you with a +0 dagger.
The orc wizard gestures at you while chanting.
You are confused.
You are too confused!
You are too confused!
The orc attacks as you move away! The orc barely misses you.
The orc wizard attacks as you move away!
The orc wizard closely misses you.
You're too confused to move!
You miss the orc. The orc wizard casts a spell at you. The magic dart hits you.
The orc closely misses you.
You miss the orc.
Flame seeps out of the orc.
You headbutt the orc.
The orc is lightly wounded.
You feel less confused. The orc misses you.
The orc wizard hits you but does no damage.
The orc is engulfed in blazing flames.
The orc explodes!
The fiery explosion engulfs the orc!!!
The fiery explosion engulfs the orc wizard!!
The fiery explosion engulfs you!!!
Ouch! That really hurt!
* * * LOW HITPOINT WARNING * * *
The orc wizard explodes!
The fiery explosion engulfs you!!!
Ouch! That really hurt!
You die...

### ...
..#.#.###
.......>#
#§# #○####
#§@..#
####.# #.#
#. ..# #.#
#. ..###
#.# #.
....# #.#
.#..#.# #.#
...... #.#
#######...#
#.#


There were no monsters in sight!

Vanquished Creatures
  Sigmund (D:3)
  Terence (D:2)
  Natasha (twice) (D:2)
  3 orc wizards
  Robin (D:2)
  5 adders
  2 ufetubi
  2 worms
  2 dart slugs (D:2)
  5 orcs
  5 endoplasms
  2 giant cockroaches
  6 goblins (D:2)
  13 hobgoblins
  2 jackals (D:3)
  6 kobolds
  6 ball pythons
  3 bats (D:1)
  5 frilled lizards
  5 rats
77 creatures vanquished.

Notes
Turn   | Place    | Note
-------+----------+-------------------------------------------
     0 | D:1      | HotDog the Minotaur Fighter began the quest for the Orb.
     0 | D:1      | Reached XP level 1. HP: 19/19 MP: 0/0
    77 | D:1      | Reached XP level 2. HP: 27/27 MP: 1/1
    77 | D:1      | Found Odetwy's Weapon Shop.
   471 | D:1      | Reached skill level 4 in Armour
   706 | D:2      | Noticed Terence
   709 | D:2      | Reached XP level 3. HP: 33/33 MP: 2/2
   721 | D:2      | Killed Terence
   722 | D:2      | Reached skill level 1 in Invocations
   815 | D:2      | Reached XP level 4. HP: 37/40 MP: 3/3
   865 | D:2      | Noticed Natasha
   870 | D:2      | Killed Natasha
   871 | D:2      | Reached skill level 1 in Dodging
   874 | D:2      | Noticed Natasha
   879 | D:2      | Killed Natasha
   883 | D:2      | Gained mutation: Your body sometimes deteriorates upon
                  | taking damage. [potion of mutation]
   883 | D:2      | Gained mutation: You are weak. (Str -2) [potion of
                  | mutation]
   883 | D:2      | Gained mutation: Your system is resistant to poisons.
                  | (rPois) [potion of mutation]
   929 | D:2      | Reached skill level 1 in Maces & Flails
   941 | D:2      | Noticed Robin
   946 | D:2      | Killed Robin
   947 | D:2      | Reached XP level 5. HP: 42/46 MP: 5/5
  1706 | D:3      | Noticed Sigmund
  1713 | D:3      | Killed Sigmund
  1714 | D:3      | Reached skill level 5 in Armour
  1714 | D:3      | Reached XP level 6. HP: 44/53 MP: 6/6
  2381 | D:4      | Killed by an exploding orc wizard... ignited by their inner
                  | flame

Illustrated notes

Levels and vault maps discovered:
D:1:      evilmike_arrival_come_back, layout_basic, serial_shops,
          nicolae_shop_bloodbath_and_beyond, minmay_tetromino_l4
D:2:      layout_basic, minmay_strange_pillars, uniq_terence, uniq_robin,
          uniq_natasha
D:3:      layout_loops_ring, kennysheep_cross_bottleneck, uniq_sigmund
D:4:      layout_basic, lemuel_tele_altar, lemuel_coloured_pillars_altar,
          lemuel_round_altar, palyth_stone_intersect, uniq_ijyb

Skill      XL: |  1  2  3  4  5 |
---------------+----------------+-----
Armour         | 4 5 |  5.1
Fighting       | 4 |  4.7
Long Blades    | 3 |  3.6
Invocations    | 1 2 |  2.2
Shields        | 4 |  4.5
Dodging        | 1 2 |  2.2
Maces & Flails | 1 3 |  3.7

Action                   |  1- 3 |  4- 6 || total
-------------------------+-------+-------++-------
Melee: Long sword        |    83 |     3 ||    86
       Headbutt          |    15 |    10 ||    25
       Flail             |       |    90 ||    90
  Use: Scroll            |       |     8 ||     8
       Potion            |       |     2 ||     2
Armor: Scale mail        |    40 |    45 ||    85
Dodge: Dodged            |    41 |    54 ||    95
Block: Buckler           |    23 |    23 ||    46

Table legend: (Time is in decaauts)
 A = Elapsed time spent in this place.
 B = Non-inter-level travel time spent in this place.
 C = Inter-level travel time spent in this place.
 D = Time resting spent in this place.
 E = Time spent auto-exploring this place.
 F = Levels seen in this place.
 G = Mean time per level.
                   A        B        C        D        E       F      G
               +--------+--------+--------+--------+--------+-----+--------+
         Total |   2437 |   2340 |     97 |     18 |   1809 |   4 |  609.2 |
       Dungeon |   2437 |   2340 |     97 |     18 |   1809 |   4 |  609.2 |
               +--------+--------+--------+--------+--------+-----+--------+

Top non-repeatable levels by time:
     D:3: 1114 daAuts
     D:1: 665 daAuts
     D:2: 588 daAuts
     D:4: 69 daAuts
